 Dungeon Crawl Stone Soup version 0.23-a0-14-g8c9a20f (webtiles) character file.

72 Amnesiac the Conjurer (level 4, -8/30 HPs)
             Began as a Mummy Fire Elementalist on Aug 2, 2018.
             Shot with an arrow by a centaur (18 damage)
             ... on level 3 of the Dungeon.
             The game lasted 00:03:21 (1336 turns).

Amnesiac the Conjurer (Mummy Fire Elementalist)     Turns: 1336, Time: 00:03:22

Health: -8/30      AC:  2    Str: 11    XL:     4   Next: 7%
Magic:  1/8        EV: 12    Int: 15    God:
Gold:   43         SH:  0    Dex: 12    Spells: 0/8 levels left

rFire    x . .     SeeInvis .   a - +3 dagger (drain)
rCold    + . .     Gourm    .   (no shield)
rNeg     + + +     Faith    .   d - +0 robe
rPois    ∞         Spirit   .   (no helmet)
rElec    .         Reflect  .   (no cloak)
rCorr    .         Harm     .   (no gloves)
MR       .....                  (no boots)
Stlth    ++........             (no amulet)
HPRegen  0.10/turn              (no ring)
MPRegen  0.11/turn              (no ring)

@: no status effects
A: no food or potions, fire vulnerability, cold resistance 1, negative energy
resistance 3, torment resistance, unbreathing
a: no special abilities


You were on level 3 of the Dungeon.
You were not hungry.

You visited 1 branch of the dungeon, and saw 3 of its levels.

You collected 43 gold pieces.

Inventory:

Hand Weapons
 a - a +3 dagger of draining (weapon)
 c - a +1 vampiric hand axe
Armour
 d - a +0 robe (worn)


   Skills:
 - Level 1.5 Dodging
 - Level 1.5 Stealth
 + Level 2.8 Spellcasting
 * Level 2.9 Conjurations
 * Level 2.8 Fire Magic


You couldn't memorise any spells.
You knew the following spells:

 Your Spells              Type           Power        Failure   Level  Hunger
a - Flame Tongue          Conj/Fire      ##...        6%          1    N/A
e - Sticky Flame          Conj/Fire      ##......     54%         4    N/A
s - Conjure Flame         Conj/Fire      ##......     19%         3    N/A

Your spell library contained the following spells:

 Spells                   Type           Power        Failure   Level  Hunger
 Fireball                 Conj/Fire      ##........   87%         5    N/A
 Throw Flame              Conj/Fire      ##....       10%         2    N/A
 Inner Flame              Hex/Fire       #.......     34%         3    N/A

Dungeon Overview and Level Annotations

Branches:
Dungeon (3/15)

Altars:
Dithmenos

Annotations:
D:2 1 exclusion


Innate Abilities, Weirdness & Mutations

You do not eat or drink.
Your flesh is vulnerable to fire.
You are immune to poison.
Your flesh is cold resistant. (rC+)
You are immune to negative energy. (rN+++)
You are immune to unholy pain and torment.
You can survive without breathing.


Message History

Confirm with . or Enter, or press ? or * to list all spells.
Aiming: Flame Tongue (safe; 6% risk of failure)
Press: ? - help, Shift-Dir - straight line, f/p - orc
Aim: an orc, wielding a flail and wearing a ring mail (lightly wounded)
The flame tongue hits the orc.
You kill the orc!
Casting: Flame Tongue (safe; 6% risk of failure)
Confirm with . or Enter, or press ? or * to list all spells.
Aiming: Flame Tongue (safe; 6% risk of failure)
Press: ? - help, Shift-Dir - straight line, f - orc
Aim: an orc The flame tongue misses the orc.
The orc barely misses you.
Casting: Flame Tongue (safe; 6% risk of failure)
Confirm with . or Enter, or press ? or * to list all spells.
Aiming: Flame Tongue (safe; 6% risk of failure)
Press: ? - help, Shift-Dir - straight line, f/p - orc
Aim: an orc The flame tongue hits the orc.
The orc is almost dead.
The orc hits you.
Casting: Flame Tongue (safe; 6% risk of failure)
Confirm with . or Enter, or press ? or * to list all spells.
You don't have enough magic to cast that spell.
You hit the orc.
You kill the orc!
Things that are here:
a flail; a ring mail; an orc corpse An orc comes into view.
Found a stone staircase leading down.
You see here a rat corpse.
A giant cockroach comes into view.
The orc shouts!
Casting: Flame Tongue (safe; 6% risk of failure)
Confirm with . or Enter, or press ? or * to list all spells.
Aiming: Flame Tongue (safe; 6% risk of failure)
Press: ? - help, Shift-Dir - straight line, f - orc
Aim: an orc, wearing a scale mail The flame tongue misses the orc.
Casting: Flame Tongue (safe; 6% risk of failure)
Confirm with . or Enter, or press ? or * to list all spells.
You don't have enough magic to cast that spell.
Casting: Flame Tongue (safe; 6% risk of failure)
Confirm with . or Enter, or press ? or * to list all spells.
You don't have enough magic to cast that spell.
You hit the orc but do no damage. You drain the orc!
The orc is moderately wounded.
The centaur shoots an arrow.
The arrow hits you. The orc hits you but does no damage.
You hit the orc.
The orc is heavily wounded.
The centaur shoots an arrow.
The arrow closely misses you. The orc hits you.
The centaur shoots an arrow.
The arrow hits you!
* * * LOW HITPOINT WARNING * * *
You closely miss the orc.
The orc is heavily wounded.
The giant cockroach misses you. The orc hits you.
* * * LOW HITPOINT WARNING * * *
The centaur shoots an arrow.
The arrow barely misses you. The giant cockroach misses you.
You aren't carrying any scrolls.
You hear the quick rusting of a very distant drain.
The centaur shoots an arrow.
The arrow hits you!!
Ouch! That really hurt!
You die...

. .. .. #.##### ...
#......## ###.... .........
....... ........###....#
...>....#o@.#.#
.......s..##..#
........##...## #
...........### .#
.........†.## ####.#
............#####......
...c.......)...........
#######..#...##.#........###
# .......#...##
#.###........#.##.


You could see a centaur, an orc and a giant cockroach.

Vanquished Creatures
  3 adders
  An ooze (D:2)
  A worm (D:2)
  A dart slug (D:2)
  2 orcs (D:3)
  A ball python (D:2)
  3 bats (D:1)
  3 goblins
  4 hobgoblins
  3 jackals
  A frilled lizard (D:2)
  8 kobolds
  3 rats
34 creatures vanquished.

Vanquished Creatures (others)
  3 plants (D:2)
3 creatures vanquished.

Grand Total: 37 creatures vanquished

Notes
Turn   | Place    | Note
-------+----------+-------------------------------------------
     0 | D:1      | Amnesiac the Mummy Fire Elementalist began the quest for the Orb.
     0 | D:1      | Reached XP level 1. HP: 13/13 MP: 4/4
    10 | D:1      | Reached skill level 1 in Conjurations
   139 | D:1      | Reached XP level 2. HP: 18/19 MP: 0/5
   304 | D:2      | Found a shadowy altar of Dithmenos.
   735 | D:2      | Reached XP level 3. HP: 17/24 MP: 2/7
   756 | D:2      | Learned a level 3 spell: Conjure Flame
   803 | D:3      | Noticed a centaur
  1290 | D:3      | Reached XP level 4. HP: 26/30 MP: 4/8
  1296 | D:3      | Learned a level 4 spell: Sticky Flame
  1336 | D:3      | Shot with an arrow by a centaur

Vault maps used:
D:1:      minmay_arrival_glassed_features, serial_bayou_pond_c,
          minmay_heptomino_w4
D:2:      lemuel_crystal_altar, overflow_temple_1_default, dk_noncrumbling_2,
          lexackson_kobold_supper
D:3:      nemelex_altar_shiori, portal_sewer_entry_b

Skill      XL: |  1  2 |
---------------+-------+-----
Conjurations   | 1 2 |  2.9
Dodging        | |  1.5
Stealth        | |  1.5
Spellcasting   | |  2.8
Fire Magic     | |  2.8

Action                   |  1- 3 |  4- 6 || total
-------------------------+-------+-------++-------
Melee: Unarmed           |     7 |       ||     7
       Short sword       |     3 |       ||     3
       Dagger            |    31 |     4 ||    35
 Cast: Flame Tongue      |    39 |     9 ||    48
  Use: Scroll            |       |     3 ||     3
 Stab: Sleeping          |     1 |       ||     1
Armor: Robe              |    22 |     1 ||    23
Dodge: Dodged            |    60 |     5 ||    65

Table legend:
 A = Spawn XP
 B = Non-spawn XP
 C = Spawn XP percentage of total XP
 D = Spawn monster count
 E = Non-spawn monster count
 F = Spawn count percentage of total count
 G = Total turns spent on level
                    A         B        C        D         E        F      G
               +---------+---------+-------+---------+---------+-------+---------
         Total |       0 |     104 |   0.0 |       0 |      34 |   0.0 |  1336
               +---------+---------+-------+---------+---------+-------+---------
           D:1 |       0 |      19 |   0.0 |       0 |      10 |   0.0 |   230
           D:2 |       0 |      64 |   0.0 |       0 |      19 |   0.0 |  1043
           D:3 |       0 |      21 |   0.0 |       0 |       5 |   0.0 |    63
               +---------+---------+-------+---------+---------+-------+---------
